 Dungeon Crawl Stone Soup version 0.22.1-2-g9c5b331 (webtiles) character file.

5097 Anon1729 the Fighter (level 10, -3/93 HPs)
             Began as a Hill Orc Monk on Nov 14, 2018.
             Was a Priest of Beogh.
             Killed from afar by a gargoyle (11 damage)
             ... with a stone arrow
             ... on level 9 of the Dungeon.
             The game lasted 00:36:24 (12917 turns).

Anon1729 the Fighter (Hill Orc Monk)               Turns: 12917, Time: 00:36:25

Health: -3/93      AC: 11    Str: 23    XL:     10   Next: 57%
Magic:  16/16      EV: 12    Int: 10    God:    Beogh [***...]
Gold:   346        SH:  0    Dex: 13    Spells: 9/9 levels left

rFire    . . .     SeeInvis +   a - +1 falchion
rCold    . . .     Gourm    .   (no shield)
rNeg     . . .     Faith    .   A - +3 leather armour
rPois    .         Spirit   .   g - +1 hat
rElec    .         Reflect  .   H - +1 cloak
rCorr    .         Harm     .   q - +0 pair of gloves
MR       .....                  (no boots)
Stlth    ++........             (no amulet)
HPRegen  0.25/turn              i - ring of see invisible
MPRegen  0.15/turn              r - +5 ring of strength

@: about to teleport, marked
A: no striking features
a: Smiting, Renounce Religion


You were on level 9 of the Dungeon.
You worshipped Beogh.
Beogh was most pleased with you.
You were not hungry.

You visited 2 branches of the dungeon, and saw 10 of its levels.

You collected 462 gold pieces.
You spent 116 gold pieces at shops.

Inventory:

Hand Weapons
 a - a +1 falchion (weapon)
Armour
 g - a +1 hat (worn)
 k - a scarf of spirit shield
 q - a +0 pair of gloves (worn)
 s - a +0 leather armour of poison resistance
 u - a +0 buckler
 w - the +2 robe of the Manifold Spirits {Regen+ Str+3}
   (You found it on level 7 of the Dungeon)

   It affects your strength (+3).
   It increases your rate of regeneration.
 A - a +3 leather armour (worn)
 H - a +1 cloak (worn)
Jewellery
 i - a ring of see invisible (left hand)
 r - a +5 ring of strength (right hand)
Wands
 y - a wand of disintegration (2)
 D - a wand of flame (9)
Scrolls
 d - 4 scrolls of amnesia
 e - 4 scrolls of identify
 f - 4 scrolls of remove curse
 h - 7 scrolls of teleportation
 j - 2 scrolls of enchant armour
 m - 2 scrolls of enchant weapon
 n - 3 scrolls of magic mapping
 p - a scroll of blinking {unknown}
 F - a scroll of fog
Potions
 b - 2 potions of brilliance {unknown}
 l - a potion of degeneration {unknown}
 o - a potion of heal wounds
 t - 2 potions of curing
 v - 3 potions of flight
 x - a potion of cancellation {unknown}
 z - a potion of agility
 B - a potion of lignification {unknown}
 C - 3 potions of haste
 G - a potion of invisibility {unknown}
Comestibles
 c - 21 rations


   Skills:
 + Level 10.0 Fighting
 + Level 9.2 Long Blades
 + Level 8.5 Armour
 - Level 2.4 Dodging
 - Level 1.5 Stealth
 + Level 9.2 Invocations


You had 9 spell levels left.
You didn't know any spells.
Your spell library contained the following spells:

 Spells                   Type           Power        Failure   Level  Hunger
 Animate Skeleton         Necr           N/A          38%         1    ##.....
 Confusing Touch          Hex            #.....       38%         1    ##.....
 Pain                     Necr           #...         38%         1    ##.....
 Confuse                  Hex            #.......     77%         3    ####...
 Gell's Gravitas          Tloc           #.........   77%         3    ####...
 Regeneration             Chrm/Necr      #.........   77%         3    ####...
 Vampiric Draining        Necr           #.........   77%         3    ####...
 Animate Dead             Necr           N/A          99%         4    #####..
 Petrify                  Tmut/Erth      #.......     99%         4    #####..
 Metabolic Englaciation   Hex/Ice        #.........   100%        5    ######.
 Yara's Violent Unravell  Hex/Tmut       #.........   100%        5    ######.


Dungeon Overview and Level Annotations

Branches:
Dungeon (9/15)             Temple (1/1) D:7            Lair (0/6) D:8
    Orc: D:9-12

Altars:
Ashenzari
Cheibriados
Dithmenos
Elyvilon
Fedhas
Gozag
Hepliaklqana
Kikubaaqudgha
Makhleb
Nemelex Xobeh
Okawaru
Qazlal
Ru
Sif Muna
Trog
Uskayaw
Vehumet
Wu Jian
Xom
Yredelemnul
Zin
The Shining One
Beogh

Shops:
D:8 ?

Annotations:
D:3 3 runed doors, RadicalHijinx's ghost, amateur HuHu
D:6 Sigmund


Message History

The gargoyle barely misses you. The kobold hits you but does no damage.
The yak barely misses you.
You riposte.
You hit the yak.
The yak is lightly wounded.
As you read the scroll of fear, it crumbles to dust.
You assume a fearsome visage.
The scorpion looks frightened!
The bullfrog looks frightened!
The orc looks frightened!
The big kobold looks frightened!
The kobold looks frightened! x4
The gargoyle is unaffected.
The yak looks frightened! x2
The gargoyle hurls a stone arrow at you.
The stone arrow hits you!
* * * LOW HITPOINT WARNING * * *
Unknown command.
Evoke which item? (* to show all) (? for menu, Esc to quit)
Aiming: Disintegrate
Press: ? - help, Shift-Dir - straight line, f - gargoyle
Aim: a gargoyle, wielding a mace (chance to defeat MR: 48%)
The gargoyle is blasted.
The gargoyle hurls a stone arrow at you.
The stone arrow hits you!
You die...

#Y### #### #...#
..... ####+#.###
...... #........#
......
##?....#..##......
#o....###.........
#K##..###..##.....
#.###..#..###.....
###@.##.....##......
##...9....K........##
#K.Y##.K.......##..#%
#FY####..._.$.####.#)
#Y..##.........##$...
#KY..Y...............
#s.#..##.....##......
##K#.###..#..###.#...
#s#Y##..###..##.#...


You could see 4 yaks, a gargoyle, a big kobold (fleeing), a bullfrog (fleeing),
a scorpion (fleeing), an orc (fleeing) and 4 kobolds.

Vanquished Creatures
  Harold (D:9)
  2 trolls
  A slime creature (D:7)
  Eustachio (D:4)
  An acid dragon (D:7)
  Duvessa (D:6)
  A black bear (D:6)
  2 phantoms
  2 necrophages
  5 ogres
  A centaur (D:9)
  A bullfrog (D:8)
  A water moccasin zombie (D:7)
  Dowan (D:6)
  3 scorpions (D:8)
  10 killer bees
  3 wights (D:8)
  A crimson imp (D:8)
  2 jellies
  2 orc wizards
  4 orc priests
  A centaur skeleton (D:5)
  2 hounds
  An iguana (D:8)
  8 worker ants
  7 gnolls
  8 adders
  A river rat (D:4)
  A shadow imp (D:5)
  An ooze (D:3)
  An adder zombie (D:6)
  4 worms
  4 dart slugs
  5 leopard geckos
  22 orcs
  A ball python (D:1)
  5 giant cockroaches
  9 goblins
  5 hobgoblins
  11 jackals
  4 quokkas
  8 bats
  6 frilled lizards
  9 kobolds
  A quokka skeleton (D:8)
  A quokka zombie (D:5)
  11 rats
183 creatures vanquished.

Vanquished Creatures (collateral kills)
  Pikel (D:7)
  Joseph (D:7)
  Grinder (D:6)
  Menkaure (D:7)
  2 slaves (D:7)
  A bullfrog (D:8)
  A wyvern skeleton (D:6)
  An orc priest (D:7)
  2 orc wizards
  A hound skeleton (D:8)
  An adder (D:7)
  A shadow imp (D:7)
  A worm (D:6)
  A leopard gecko (D:7)
  2 orcs (D:6)
18 creatures vanquished.

Vanquished Creatures (others)
  3 orc warriors
  2 slaves (D:7)
  An orc priest (D:7)
  4 orc wizards
  An adder (D:3)
  A worm (D:3)
  8 orcs
  A quokka (D:3)
  A ball python (D:3)
  A kobold (D:3)
  A rat (D:3)
24 creatures vanquished.

Grand Total: 225 creatures vanquished

Notes
Turn   | Place    | Note
-------+----------+-------------------------------------------
     0 | D:1      | Anon1729 the Hill Orc Monk began the quest for the Orb.
     0 | D:1      | Reached XP level 1. HP: 19/19 MP: 1/1
   200 | D:1      | Reached XP level 2. HP: 21/27 MP: 2/2
   213 | D:1      | Reached skill level 1 in Armour
   447 | D:1      | Reached skill level 4 in Fighting
   680 | D:1      | Reached XP level 3. HP: 33/33 MP: 3/3
  1284 | D:2      | Reached XP level 4. HP: 13/41 MP: 4/4
  2187 | D:2      | Reached XP level 5. HP: 42/47 MP: 5/5
  2734 | D:3      | Reached skill level 5 in Fighting
  3498 | D:3      | Found a stormy altar of Qazlal.
  3500 | D:3      | Noticed a fire elemental
  3501 | D:3      | Noticed an air elemental
  3501 | D:3      | Noticed a water elemental
  3537 | D:3      | Found a runed gate.
  3537 | D:3      | Noticed RadicalHijinx's ghost (amateur HuHu)
  3538 | D:3      | Found a runed gate.
  3546 | D:3      | Reached XP level 6. HP: 55/56 MP: 6/6
  3552 | D:3      | Found a runed gate.
  3798 | D:3      | Became a worshipper of Beogh the Brigand
  3798 | D:3      | Reached * piety under Beogh
  3798 | D:3      | Reached ** piety under Beogh
  4307 | D:3      | Found a roughly hewn altar of Beogh.
  4421 | D:4      | Reached skill level 5 in Long Blades
  4627 | D:4      | Reached skill level 1 in Invocations
  4702 | D:4      | Noticed a phantom
  5244 | D:4      | Killed a phantom
  5244 | D:4      | Reached XP level 7. HP: 31/62 MP: 4/8
  5469 | D:4      | Reached skill level 6 in Fighting
  5878 | D:4      | Noticed Eustachio
  5912 | D:4      | Killed Eustachio
  6441 | D:5      | Entered Level 5 of the Dungeon
  6798 | D:5      | Found a basalt altar of Yredelemnul.
  6948 | D:5      | Reached skill level 5 in Armour
  6948 | D:5      | Reached XP level 8. HP: 61/69 MP: 9/11
  6999 | D:5      | Found a stormy altar of Qazlal.
  7002 | D:5      | Found a basalt altar of Yredelemnul.
  7018 | D:5      | Found an opulent altar of Gozag.
  7269 | D:6      | Reached skill level 7 in Fighting
  7337 | D:6      | Found a deep blue altar of Sif Muna.
  7412 | D:6      | Found a white marble altar of Elyvilon.
  7416 | D:6      | Reached *** piety under Beogh
  7682 | D:6      | Noticed Duvessa
  7684 | D:6      | Noticed Dowan
  7692 | D:6      | Killed Duvessa
  7692 | D:6      | Reached skill level 5 in Invocations
  7699 | D:6      | Killed Dowan
  8055 | D:6      | Noticed Grinder
  8059 | D:6      | Paralysed by Grinder for 7 turns
  8067 | D:6      | Killed Grinder
  8401 | D:6      | Noticed Sigmund
  8567 | D:7      | Noticed Joseph
  8585 | D:7      | Noticed Pikel
  8592 | D:7      | Killed Pikel
  8592 | D:7      | Reached skill level 8 in Fighting
  8592 | D:7      | Reached XP level 9. HP: 68/79 MP: 10/13
  8668 | D:7      | Found a staircase to the Ecumenical Temple.
  8684 | Temple   | Entered the Ecumenical Temple
  8959 | D:7      | Killed Joseph
  8999 | D:7      | Noticed Menkaure
  9005 | D:7      | Killed Menkaure
  9698 | D:8      | Found Ytuudog's Magic Scroll Emporium.
  9739 | D:7      | Got a steaming robe
  9750 | D:7      | Identified the +2 robe of the Manifold Spirits {Regen+
                  | Str+3} (You found it on level 7 of the Dungeon)
  9945 | D:8      | Bought a scroll of fear for 45 gold pieces
  9945 | D:8      | Bought a scroll of fog for 26 gold pieces
  9945 | D:8      | Bought a scroll of magic mapping for 45 gold pieces
  9985 | D:8      | Reached skill level 9 in Fighting
 10590 | D:8      | Found a staircase to the Lair.
 10594 | D:8      | Noticed a troll
 10772 | D:8      | Reached XP level 10. HP: 61/89 MP: 9/16
 10781 | D:8      | HP: 4/89 [wight/battleaxe of freezing (8)]
 12795 | D:9      | Noticed Harold
 12816 | D:9      | Killed Harold
 12816 | D:9      | Reached skill level 10 in Fighting
 12884 | D:9      | Found a shadowy altar of Dithmenos.
 12912 | D:9      | Noticed a gargoyle
 12917 | D:9      | Killed from afar by a gargoyle

Skill      XL: |  1  2  3  4  5  6  7  8  9 10 |
---------------+-------------------------------+-----
Armour         | 1 2 3 4 5 6 7 8 |  8.5
Fighting       | 4 5 6 8 9 10 | 10.0
Long Blades    | 4 5 6 7 8 9 |  9.2
Invocations    | 2 4 6 8 9 |  9.2
Dodging        | |  2.4
Stealth        | |  1.5

Action                   |  1- 3 |  4- 6 |  7- 9 | 10-12 || total
-------------------------+-------+-------+-------+-------++-------
Melee: Falchion          |   105 |   283 |   391 |   125 ||   904
Throw: Throwing net      |       |       |     1 |     2 ||     3
Invok: Convert to Beogh  |       |     1 |       |       ||     1
       Smiting           |       |       |     3 |     7 ||    10
Evoke: Wand              |       |       |    18 |    10 ||    28
  Use: Scroll            |       |       |     5 |     2 ||     7
       Potion            |       |       |       |     3 ||     3
 Stab: Sleeping          |     1 |     5 |       |       ||     6
       Paralysed         |       |       |    15 |       ||    15
       Distracted        |       |       |     2 |       ||     2
  Eat: Chunk             |     1 |    12 |    13 |     3 ||    29
       Ration            |       |       |     2 |     1 ||     3
Armor: Robe              |    30 |    31 |     6 |       ||    67
       Leather armour    |       |    18 |   125 |    40 ||   183
Dodge: Dodged            |   104 |   173 |   300 |    85 ||   662
       Rpst.: Falchion   |    35 |    58 |    96 |    20 ||   209
